 Dungeon Crawl Stone Soup version 0.27-a0-860-gaf99fae3ca (webtiles) character file.

Game seed: 4677771886745210081

2247 stormannn the Digger (level 9, -9/74 HPs)
             Began as a Troll Earth Elementalist on Mar 31, 2021.
             Was an Initiate of Vehumet.
             Mangled by a hornet (12 damage)
             ... on level 7 of the Dungeon on Apr 1, 2021.
             The game lasted 00:23:10 (6715 turns).

stormannn the Digger (Troll Earth Elementalist)     Turns: 6715, Time: 00:23:11

Health: -9/74      AC:  9    Str: 20    XL:     9   Next: 15%
Magic:  6/11       EV: 11    Int: 14    God:    Vehumet [......]
Gold:   309        SH:  0    Dex: 10    Spells: 3/12 levels left

rFire    . . .     SeeInvis .   (no weapon)
rCold    . . .     Faith    .   (no shield)
rNeg     . . .     Spirit   .   a - +1 robe {Archmagi}
rPois    .         Reflect  .   (helmet restricted)
rElec    .         Harm     .   (no cloak)
rCorr    .         Rampage  .   (gloves unavailable)
Will     .....     Clarity  +   (boots unavailable)
Stlth    +.........             h - amulet of the acrobat
HPRegen  1.22/turn              e - ring of flight
MPRegen  0.12/turn              f - +4 ring of protection

@: lethally poisoned (-9 -> -13), flying, slowed, very slow
A: large, unfitting armour, claws 3, regeneration 1, shaggy fur 1, tough skin 1,
fangs 1, clarity, strong 1
a: Renounce Religion


You were on level 7 of the Dungeon.
You worshipped Vehumet.
Vehumet was noncommittal.
You visited 1 branch of the dungeon, and saw 7 of its levels.

You collected 309 gold pieces.

Inventory:

Missiles
 u - 18 stones
Armour
 a - a +1 robe of the Archmagi (worn)
Jewellery
 e - a ring of flight (left claw)
 f - a +4 ring of protection (right claw)
 h - an amulet of the acrobat (around neck)
Scrolls
 b - a scroll of enchant armour {unknown}
 d - 7 scrolls of identify {unknown}
 n - a scroll of fear {unknown}
 o - a scroll of blinking {unknown}
 p - a scroll of torment {unknown}
 q - a scroll of vulnerability {unknown}
 s - 2 scrolls of immolation {unknown}
 v - a scroll of enchant weapon {unknown}
 w - 2 scrolls of teleportation {unknown}
Potions
 g - a potion of cancellation {unknown}
 i - a potion of brilliance
 j - a potion of ambrosia
 k - a potion of mutation
 l - 2 potions of might {unknown}
 m - a potion of heal wounds {unknown}
 r - 2 potions of invisibility {unknown}
 t - a potion of attraction {unknown}


   Skills:
 + Level 5.3 Dodging
 - Level 1.0 Stealth
 - Level 2.2 Spellcasting
 * Level 3.0 Conjurations
 * Level 2.7 Hexes
 - Level 2.1 Transmutations
 - Level 7.2 Earth Magic


You had 3 spell levels left.
You knew the following spells:

 Your Spells              Type           Power      Damage    Failure   Level
a - Sandblast             Erth           64%        2d14      1%          1
b - Passwall              Tmut/Erth      18%        N/A       4%          2
c - Dazzling Flash        Conj/Hex       28%        N/A       22%         3
d - Tukima's Dance        Hex            13%        N/A       22%         3

Your spell library contained the following spells:

 Spells                   Type           Power      Damage    Failure   Level
 Corona                   Hex            14%        N/A       8%          1
 Stone Arrow              Conj/Erth      48%        3d10      9%          3
 Ensorcelled Hibernation  Hex/Ice        16%        N/A       21%         2
 Confusing Touch          Hex            13%        N/A       22%         3
 Petrify                  Tmut/Erth      22%        N/A       32%         4
 Lee's Rapid Deconstruct  Erth           16%        3d11*     32%         5


Dungeon Overview and Level Annotations

Branches:
Dungeon (7/15)             Temple (0/1) D:7

Altars:
Ashenzari
Cheibriados
Hepliaklqana
Nemelex Xobeh
Okawaru
Trog
Vehumet

Shops:
D:4 =

Annotations:
D:7 1 transporter


Innate Abilities, Weirdness & Mutations

You are too large for most types of armour.
You have claws for hands.
Your natural rate of healing is unusually fast.
You are covered in fur. (AC +1)
You have tough skin. (AC +1)
You have very sharp teeth.
You possess an exceptional clarity of mind.
Your muscles are strong. (Str +2)


Message History

Confirm with . or Enter, or press ? or * to list all spells.
Aiming: Sandblast (safe; 1% risk of failure)
Press: ? - help, Shift-Dir - straight line, f/p - hornet
Aim: a hornet (severely wounded, 27% to evade)
You feel a surge of power!
The blast of sand misses the hornet.
You feel sick.
The hornet stings you but does no damage.
The hornet stings you!
* * * LOW HITPOINT WARNING * * *
You feel as though you will be slow longer.
The hornet stings you but does no damage.
Casting: Sandblast (safe; 1% risk of failure)
Confirm with . or Enter, or press ? or * to list all spells.
Aiming: Sandblast (safe; 1% risk of failure)
Press: ? - help, Shift-Dir - straight line, f/p - hornet
Aim: a hornet (severely wounded, 27% to evade)
You feel a surge of power!
The blast of sand hits the hornet.
The hornet is almost dead.
You feel sick. The hornet stings you.
* * * LOW HITPOINT WARNING * * *
You feel as though you will be slow longer.
The hornet barely misses you.
It was a potion of curing.
You feel better. The hornet stings you!
* * * LOW HITPOINT WARNING * * *
You feel as though you will be slow longer.
The hornet stings you!
* * * LOW HITPOINT WARNING * * *
You are poisoned.
You suddenly lose the ability to move!
You feel very sick. The hornet stings you.
* * * LOW HITPOINT WARNING * * *
You feel as though you will be slow longer.
The hornet stings you but does no damage.
You can move again.
Unknown command.
You feel better. The hornet stings you!
* * * LOW HITPOINT WARNING * * *
You are lethally poisoned!
You shrug off the repeated paralysis!
The hornet stings you!
You die...

##########################
#.....................#...
#.....................#...
#)....................#...
#......†y@............#...
#().#######...........#... #..
#..##.##....#... ...
#.##...###'##..# ..h
###..≈..##.##..# .y
#...≈≈≈......... .
#.#..≈..#....... ###
##+###.##...##.......
..###########...##..##.##........


You could see a hornet.

Vanquished Creatures
  A water moccasin (D:5)
  An orc warrior (D:5)
  2 sky beasts (D:6)
  An ice beast (D:7)
  3 ogres
  2 necrophages
  A centaur (D:6)
  A phantom (D:4)
  A wyvern zombie (D:6)
  2 scorpions
  A water moccasin skeleton (D:5)
  A water moccasin zombie (D:6)
  A howler monkey (D:6)
  A centaur zombie (D:7)
  2 orc priests
  2 centaur skeletons
  3 bullfrog skeletons
  5 hounds
  Jessica (D:3)
  2 iguanas
  6 orc wizards
  A killer bee zombie (D:6)
  6 gnolls
  6 adders
  3 ufetubi
  An adder skeleton (D:4)
  3 worms
  3 dart slugs
  16 orcs
  8 ball pythons
  7 endoplasms
  6 giant cockroaches
  5 goblins
  6 hobgoblins
  12 jackals (D:1)
  6 kobolds
  7 quokkas
  2 frilled lizards
  13 rats
151 creatures vanquished.

Vanquished Creatures (others)
  7 plants (D:5)
7 creatures vanquished.

Grand Total: 158 creatures vanquished

Notes
Turn   | Place    | Note
-------+----------+-------------------------------------------
     0 | D:1      | stormannn the Troll Earth Elementalist began the quest for
                  | the Orb.
     0 | D:1      | Reached XP level 1. HP: 16/16 MP: 1/1
     1 | D:1      | Found a runed translucent door.
   212 | D:1      | Reached skill level 1 in Transmutations
   266 | D:1      | Reached XP level 2. HP: 21/24 MP: 3/3
   719 | D:1      | Reached XP level 3. HP: 31/31 MP: 2/4
   813 | D:1      | Reached skill level 3 in Earth Magic
  1292 | D:2      | Reached XP level 4. HP: 39/39 MP: 5/5
  1892 | D:2      | Learned a level 2 spell: Passwall
  2046 | D:3      | Noticed Jessica
  2056 | D:3      | Killed Jessica
  2194 | D:3      | Reached XP level 5. HP: 45/45 MP: 7/7
  3218 | D:4      | Found Alesun's Jewellery Shop.
  3242 | D:4      | Noticed a phantom
  3259 | D:4      | Killed a phantom
  3260 | D:4      | Reached skill level 4 in Earth Magic
  3260 | D:4      | Reached XP level 6. HP: 42/53 MP: 0/8
  3611 | D:5      | Entered Level 5 of the Dungeon
  3976 | D:5      | Reached skill level 5 in Earth Magic
  3979 | D:5      | Reached XP level 7. HP: 59/59 MP: 0/9
  4352 | D:5      | Found a sparkling altar of Nemelex Xobeh.
  4355 | D:5      | Reached skill level 6 in Earth Magic
  5244 | D:5      | Found a snail-covered altar of Cheibriados.
  5245 | D:5      | Found a broken altar of Ashenzari.
  5249 | D:5      | Found an iron altar of Okawaru.
  5346 | D:5      | Reached XP level 8. HP: 61/67 MP: 6/10
  5589 | D:6      | Reached skill level 7 in Earth Magic
  5632 | D:5      | Gained mutation: You possess an exceptional clarity of
                  | mind. [potion of mutation]
  5632 | D:5      | Gained mutation: Your muscles are strong. (Str +2) [potion
                  | of mutation]
  5632 | D:5      | Gained mutation: You have very sharp teeth. [potion of
                  | mutation]
  5826 | D:5      | Learned a level 3 spell: Dazzling Flash
  5830 | D:5      | Learned a level 3 spell: Tukima's Dance
  5857 | D:6      | Found a hazy altar of Hepliaklqana.
  5857 | D:6      | Found a bloodstained altar of Trog.
  5934 | D:6      | Reached skill level 1 in Conjurations
  6059 | D:6      | Reached skill level 1 in Hexes
  6098 | D:6      | Found a radiant altar of Vehumet.
  6123 | D:6      | Reached skill level 5 in Dodging
  6127 | D:6      | Became a worshipper of Vehumet
  6329 | D:6      | Reached XP level 9. HP: 74/74 MP: 9/11
  6545 | D:6      | Upgraded the game from 0.27-a0-836-gfc908b8576 to
                  | 0.27-a0-860-gaf99fae3ca
  6546 | D:7      | Found a transporter.
  6559 | D:7      | Found a staircase to the Ecumenical Temple.
  6708 | D:7      | Paralysed by a hornet for 2 turns
  6713 | D:7      | Paralysed by a hornet for 2 turns
  6715 | D:7      | HP: 3/74 [hornet (10)]
  6715 | D:7      | Mangled by a hornet

Illustrated notes

Levels and vault maps discovered:
D:1:      dpeg_arrival_caged_fury, layout_loops_ring, minmay_tetromino_s2
D:2:      layout_loops_ring
D:3:      layout_basic, uniq_jessica
D:4:      layout_rooms, serial_shops, kennysheep_mini, st_stairs_12,
          wad_floor_pattern_untrapped, roderic_roman_lattice
D:5:      layout_basic, kennysheep_little_box, minitemple, serial_bayou_pond_b
D:6:      layout_rooms, gammafunk_temple_overflow_elements, serial_corexii_hall,
          chequers_hall_statues_wall_a, corexii_hall_statues_i,
          corexii_hall_statues_i, corexii_hall_statues_deadend, basic_altar
D:7:      layout_gridville, grunt_temple_overflow_lords_of_destruction,
          general_overflow_altar, zin_treasury, minmay_temple_entry_trees,
          serial_shops, nicolae_shop_stone, nzn_ghost_randoct,
          amcnicky_mini_pool_small

Skill      XL: |  1  2  3  4  5  6  7  8  9 |
---------------+----------------------------+-----
Transmutations | 1 2 |  2.1
Earth Magic    | 3 4 5 6 7 |  7.2
Dodging        | 2 3 4 5 |  5.3
Spellcasting   | 2 |  2.2
Conjurations   | 2 3 |  3.0
Hexes          | 2 |  2.7
Stealth        | |  1.0

Action                   |  1- 3 |  4- 6 |  7- 9 || total
-------------------------+-------+-------+-------++-------
Melee: Unarmed           |   143 |    78 |   138 ||   359
       Bite              |       |       |    12 ||    12
Throw: Stone             |       |       |     1 ||     1
 Cast: Sandblast         |    14 |    69 |    99 ||   182
  Use: Potion            |       |       |     5 ||     5
 Stab: Sleeping          |     3 |       |     1 ||     4
Armor: Robe              |    45 |    36 |    77 ||   158
Dodge: Dodged            |    69 |    53 |    94 ||   216

Table legend: (Time is in decaauts)
 A = Elapsed time spent in this place.
 B = Non-inter-level travel time spent in this place.
 C = Inter-level travel time spent in this place.
 D = Time resting spent in this place.
 E = Time spent auto-exploring this place.
 F = Levels seen in this place.
 G = Mean time per level.
                   A        B        C        D        E       F      G
               +--------+--------+--------+--------+--------+-----+--------+
         Total |   6721 |   6599 |    122 |   1716 |   3415 |   7 |  960.1 |
       Dungeon |   6721 |   6599 |    122 |   1716 |   3415 |   7 |  960.1 |
               +--------+--------+--------+--------+--------+-----+--------+

Top non-repeatable levels by time:
     D:5: 1795 daAuts
     D:1: 1111 daAuts
     D:6: 1044 daAuts
     D:4: 938 daAuts
     D:3: 880 daAuts
     D:2: 780 daAuts
     D:7: 170 daAuts
